 Dungeon Crawl Stone Soup version 0.28.0-53-g5a82cb258f (webtiles) character file.

Game seed: 16165517825827414652

51 LynnLen the Sneak (level 3, -1/19 HPs)
             Began as a Vampire Enchanter on July 25, 2022.
             Slain by a gnoll
             ... wielding a +0 whip
              (9 damage)
             ... on level 2 of the Dungeon.
             The game lasted 00:04:33 (2091 turns).

LynnLen the Sneak (Vampire Enchanter)               Turns: 2091, Time: 00:04:34

Health: -1/19      AC:  2    Str:  7    XL:     3   Next: 57%
Magic:  3/6        EV: 12    Int: 17    God:
Gold:   49         SH:  0    Dex: 16    Spells: 1/6 levels left

rFire   . . .      SeeInvis +   a - +1 dagger
rCold   + + .      Faith    .   (no shield)
rNeg    + + +      Spirit   .   b - +0 robe
rPois   ∞          Reflect  .   (no helmet)
rElec   .          Harm     .   (no cloak)
rCorr   .          Rampage  .   (no gloves)
Will    .....                   (no boots)
Stlth   +++++.....              (no amulet)
HPRegen 0.00/turn               (no ring)
MPRegen 0.10/turn               (no ring)

@: bloodless, inhibited regen, invisible
A: bloodless, fangs 3, see invisible, vampiric 2
a: Bat Form, Revivify


You were on level 2 of the Dungeon.
You visited 1 branch of the dungeon, and saw 2 of its levels.

You collected 49 gold pieces.

Inventory:

Hand Weapons
 a - a +1 dagger (weapon)
Armour
 b - a +0 robe (worn)
Jewellery
 h - a +6 ring of intelligence
 i - a ring of poison resistance
 m - a ring of fire
Scrolls
 f - a scroll of vulnerability
 k - a scroll of fear
 n - a scroll of identify {unknown}
Potions
 d - a potion of resistance {unknown}
 e - a potion of curing {unknown}
 g - a potion of berserk rage {unknown}
 j - a potion of mutation {unknown}
 l - a potion of attraction {unknown}


   Skills:
 * Level 1.6 Short Blades
 + Level 2.3 Dodging
 * Level 6.5 Stealth
 + Level 2.1 Spellcasting
 - Level 4.4 Hexes


You had one spell level left.
You knew the following spells:

 Your Spells              Type           Power      Damage    Failure   Level
a - Confusing Touch       Hex            16%        N/A       10%         3
b - Ensorcelled Hibernat  Hex/Ice        18%        N/A       12%         2

Your spell library contained the following spells:

 Spells                   Type           Power      Damage    Failure   Level
 Sandblast                Erth           2%         2d4       19%         1
 Tukima's Dance           Hex            16%        N/A       10%         3
 Dazzling Flash           Conj/Hex       18%        N/A       24%         3
 Passwall                 Tmut/Erth      0%         N/A       28%         2
 Conjure Flame            Conj/Fire      1%         6-21      50%         3
 Ignite Poison            Fire/Tmut/Pois 1%         N/A       50%         3
 Stone Arrow              Conj/Erth      2%         3d7       50%         3
 Sticky Flame             Conj/Fire      1%         2d3       88%         4


Dungeon Overview and Level Annotations

Branches:
Dungeon (2/15)

Altars:

Annotations:
D:2 1 runed translucent door, Crazy Yiuf


Innate Abilities, Weirdness & Mutations

You do not regenerate when monsters are visible.
You are frail without blood (-20% HP).
You can heal yourself when you bite living creatures.
You are immune to poison.
You have razor-sharp teeth.
You have supernaturally acute eyesight. (SInv)
You are afflicted with vampirism and can become a bat while bloodless.


Message History

Press: ? - help, Shift-Dir - straight line, f - gnoll
Aim: a gnoll, wielding a +0 whip (wandering, hasn't noticed you, chance to affect: 51%)
The gnoll shouts!
The gnoll resists with some effort.
Casting: Ensorcelled Hibernation (safe; 12% risk of failure)
Confirm with . or Enter, or press ? or * to list all spells.
The spell is extremely dangerous to miscast (10% risk of failure)!
Continue anyway?
Your hands begin to glow red.
The gnoll hits you with a +0 whip.
You hit the gnoll but do no damage.
The gnoll appears confused.
The gnoll hits you with a +0 whip!
You completely miss the gnoll. You bite the gnoll.
You draw the gnoll's blood!
You feel better.
The gnoll is moderately wounded.
The gnoll closely misses you.
The gnoll barely misses itself.
You hit the gnoll.
The gnoll is moderately wounded.
You hit the gnoll but do no damage.
The gnoll is moderately wounded.
The gnoll hits you with a +0 club.
The gnoll barely misses the gnoll.
Casting: Confusing Touch (extremely dangerous; 10% risk of failure)
Confirm with . or Enter, or press ? or * to list all spells.
You don't have enough magic to cast this spell.
You fade into invisibility!
The gnoll hits you with a +0 club.
* * * LOW HITPOINT WARNING * * *
The gnoll hits the gnoll with a +0 whip.
You catch the helpless gnoll completely off-guard!
You bite the gnoll, and draw its blood!
You feel better.
You puncture the gnoll!
You kill the gnoll!
Things that are here:
a +0 club; a gnoll corpse You barely miss the gnoll.
The gnoll is moderately wounded.
The gnoll seems less confused.
The gnoll barely misses you.
You barely miss the gnoll.
The gnoll is moderately wounded.
The gnoll hits you with a +0 whip!
You die...

#.....# #.####..#.##.##.##.###
#..##.# ##.####....##....###..##
...##.####.......#.........####.#
#..##......#####.##.###.....#..##
...........###...##.##...........
...........##..####..#.#..###....
........#..##.## ##...#...##....
........#..#..#####........g...#.
..>.....#.......@g..###.###......
..............########..# ##....<
..............# #.## ##....
..####....#...# #.# ##...#
........###...# #.#####..#..
..####.## #..<# ##..(....###.
.......# #...# #...###### #.
.####### #...# #...### ### .#
#...# #.## #..


You could see a gnoll.

Vanquished Creatures
  An adder (D:2)
  2 gnolls (D:2)
  7 ball pythons
  2 bats
  An endoplasm (D:2)
  2 hobgoblins
  2 jackals (D:2)
  A kobold (D:1)
  3 frilled lizards
  A rat (D:2)
22 creatures vanquished.

Notes
Turn   | Place    | Note
-------+----------+-------------------------------------------
     0 | D:1      | LynnLen the Vampire Enchanter began the quest for the Orb.
     0 | D:1      | Reached XP level 1. HP: 13/13 MP: 3/3
   490 | D:1      | Found a faded altar of an unknown god.
   594 | D:1      | Reached skill level 5 in Stealth
   605 | D:1      | Reached XP level 2. HP: 15/15 MP: 5/5
  1230 | D:2      | Identified the +7 short sword of the Evil Eye {vamp, *Noise
                  | rF+ Int+6 Dex-5}
  1294 | D:2      | Reached skill level 6 in Stealth
  1542 | D:2      | Gained mutation: You are afflicted with vampirism and can
                  | become a bat while bloodless. [Vampire growth]
  1542 | D:2      | Reached XP level 3. HP: 19/19 MP: 6/6
  1546 | D:2      | Learned a level 3 spell: Confusing Touch
  1549 | D:2      | Learned a level 2 spell: Ensorcelled Hibernation
  1963 | D:2      | Found a runed translucent door.
  1964 | D:2      | Noticed Crazy Yiuf
  2091 | D:2      | Slain by a gnoll

Illustrated notes

Levels and vault maps discovered:
D:1:      erik_arrival_cave_to_civilisation [erik_arrival_cave_to_hall],
          layout_basic, basic_ecumenical_altar,
          nicolae_concentric_dashed_squares_wild, minmay_tromino_mix6
D:2:      layout_rooms, minmay_hedge_maze, grunt_decor_resistance,
          uniq_crazy_yiuf_cottage

Skill      XL: |  1  2 |
---------------+-------+-----
Stealth        | 5 6 |  6.5
Short Blades   | |  1.6
Dodging        | |  2.3
Spellcasting   | |  2.1
Hexes          | |  4.4

Action                   || total
-------------------------++-------
Melee: Dagger            ||    85
       Bite              ||    10
       Punch             ||     1
 Cast: Confusing Touch   ||     2
       Ensorcelled Hiber ||     1
 Abil: Exsanguinate      ||     1
  Use: Scroll            ||     3
       Potion            ||     1
 Stab: Sleeping          ||    10
       Distracted        ||     1
       Confused          ||     1
       Invisible         ||     1
Armor: Robe              ||     8
Dodge: Dodged            ||    35
